 Dungeon Crawl Stone Soup version 0.19.1-1-g22dce08 (webtiles) character file.

4626 Jushak the Carver (level 10, -4/76 HPs)
             Began as a Mummy Fighter on Dec 30, 2016.
             Was a Follower of Sif Muna.
             Slain by a death yak (15 damage)
             ... on level 7 of the Dungeon.
             The game lasted 00:46:55 (13026 turns).

Jushak the Carver (Mummy Fighter)                  Turns: 13026, Time: 00:46:56

Health: -4/76      AC: 11    Str: 25    XL:     10   Next: 19%
Magic:  24/24      EV: 11    Int:  9    God:    Sif Muna [*.....]
Gold:   229        SH: 13    Dex: 12    Spells: 1 memorised, 14 levels left

rFire  . . .     SeeInvis +     y - +10 short sword of Iroum {pierce, Int+4 SInv}
rCold  + . .     Gourm    .     A - +2 ring mail of Mezcal {rC+ MP+9 Str+2}
rNeg   + + +     Faith    .     z - +2 shield
rPois  ∞         Spirit   .     (no helmet)
rElec  .         Reflect  .     u - +0 cloak
rCorr  .         Harm     .     r - +1 pair of gloves
MR     ++...                    (no boots)
Stlth  +.........               (no amulet)
                                l - +3 ring of evasion
                                n - ring of the Ancient Deaths {Fire +Inv rPois MR+ Int-2}

@: no status effects
A: no food or potions, fire vulnerability, cold resistance 1, negative energy
resistance 3, torment resistance, unbreathing
a: Divine Energy, Renounce Religion, Evoke Invisibility


You were on level 7 of the Dungeon.
You worshipped Sif Muna.
Sif Muna was aware of your devotion.
You were not hungry.

You visited 2 branches of the dungeon, and saw 9 of its levels.
You also visited: Bailey.

You collected 445 gold pieces.
You spent 216 gold pieces at shops.

Inventory:

Hand Weapons
 a - a +0 long sword
 j - a +3 flail of protection
 y - the +10 short sword of Iroum (weapon) {pierce, Int+4 SInv}
   (You found it on level 5 of the Dungeon)

   It inflicts extra damage upon your enemies.
   It affects your intelligence (+4).
   It lets you see invisible.
Missiles
 i - 14 poisoned needles
Armour
 b - a +0 scale mail
 r - a +1 pair of gloves (worn)
 u - a +0 cloak (worn)
 z - a +2 shield (worn)
 A - the +2 ring mail of Mezcal (worn) {rC+ MP+9 Str+2}
   (You bought it in a shop on level 7 of the Dungeon)

   It affects your strength (+2).
   It protects you from cold.
   It affects your magic capacity (+9).
 E - a +1 helmet of intelligence
 G - a +0 plate armour of fire resistance
Magical Staves
 C - an uncursed staff of death {unknown}
Jewellery
 g - an uncursed ring of protection from magic
 l - a +3 ring of evasion (right hand)
 m - an uncursed ring of stealth {unknown}
 n - the ring of the Ancient Deaths (left hand) {Fire +Inv rPois MR+ Int-2}
   (You found it on level 4 of the Dungeon)

   [ring of fire]

   It enhances your fire magic.
   It affects your intelligence (-2).
   It protects you from fire.
   It makes you vulnerable to cold.
   It protects you from poison.
   It affects your resistance to hostile enchantments.
   It lets you turn invisible.
 s - an uncursed amulet of guardian spirit
 t - a cursed -5 ring of slaying {unknown}
 F - the ring "Toqimyf" {rC- Int+4 Dex+3 Stlth+, unknown}
   (You found it in a bailey)

   [ring of dexterity]

   It affects your intelligence (+4).
   It affects your dexterity (+3).
   It makes you vulnerable to cold.
   It makes you more stealthy.
Wands
 c - a wand of enslavement (9/24)
 d - a wand of slowing (37/48)
 e - a wand of teleportation (7/9)
 o - a wand of flame (13/48)
 w - a wand of iceblast (7/15)
Scrolls
 h - 4 scrolls of fog
 k - 3 scrolls of immolation
 p - a scroll of magic mapping
 q - a scroll of amnesia
 B - a scroll of identify
Books
 x - a book of Changes

   Spells                             Type                      Level
   a - Beastly Appendage              Transmutation                1
   b - Sticks to Snakes               Transmutation                2
   c - Spider Form                    Transmutation/Poison         3
   d - Ice Form                       Ice/Transmutation            4
   e - Blade Hands                    Transmutation                5


   Skills:
 - Level 6.1 Fighting
 * Level 8.1 Long Blades
 + Level 6.0 Armour
 + Level 6.2 Shields
 + Level 3.5 Spellcasting


You had 14 spell levels left.
You knew the following spells:

 Your Spells              Type           Power        Failure   Level  Hunger
a - Sticks to Snakes      Tmut           #.......     99%         2    N/A

Dungeon Overview and Level Annotations

Branches:
Dungeon (8/15)             Temple (1/1) D:6
   Lair: D:8-11

Altars:
Cheibriados
Elyvilon
Fedhas
Gozag
Kikubaaqudgha
Makhleb
Nemelex Xobeh
Okawaru
Qazlal
Sif Muna
Trog
Uskayaw
Yredelemnul
Zin
The Shining One
Jiyva

Shops:
D:4 =   D:7 [

Annotations:
D:2 exclusion: oklob plant


Innate Abilities, Weirdness & Mutations

You do not eat or drink.
Your flesh is vulnerable to fire.
You are immune to poison.
Your flesh is cold resistant. (rC+)
You are immune to negative energy. (rN+++)
You are immune to unholy pain and torment.
You can survive without breathing.


Message History

The death yak is severely wounded.
The death yak gores you!
You puncture the death yak!
The death yak is severely wounded.
The death yak gores you!!
* * * LOW HITPOINT WARNING * * *
You puncture the death yak!
The death yak is almost dead.
You block the death yak's attack.
You hit the death yak.
The death yak is almost dead.
The death yak gores you!
* * * LOW HITPOINT WARNING * * *
You completely miss the death yak.
The death yak is almost dead.
The death yak misses you.
Your shield and ring mail of Mezcal prevent you from hitting the death yak.
The death yak is almost dead.
The death yak gores you!
You die...

####......# #.#.# #.#.#...[
'.##......####.#.# #.#.#.##.
####......'..#.#.########.#.#.#..
'.##...%..##.#.#.................
####......##%#.#.########.#.#.#.#
'.##......##...#..........#.#.#..
####......######.##########)#.###
'.#######...................#....
#########.######@...........)....
'_#.........# #Y############....
#########.#.# #.# #.### †.# #.#.#
#.# #.# ### #.#.# #.# ####.#
#.#.####.# #....#
#.#......#########....#
#.#########......#...%#
#.......†.'......'....#


You could see a death yak.

Vanquished Creatures
  Pikel (D:5)
  The ghost of M4edhros the Poker, a novice OpCK of Xom (D:5)
  A hippogriff (D:8)
  A spriggan (D:7)
  Edmund (D:4)
  The ghost of labyrinthlord the Charmwright, an amateur HESk (D:4)
  A black bear (D:8)
  3 orc warriors
  2 phantoms
  2 ice beasts (D:6)
  3 necrophages (D:7)
  2 ogres (D:4)
  The ghost of Elizilla the Shield-Bearer, an amateur FoFi (D:3)
  3 centaurs
  A crocodile (D:7)
  An elf zombie (D:7)
  Blork the orc (D:4)
  2 bullfrogs
  A gnoll sergeant (D:5)
  4 scorpions
  A howler monkey (D:8)
  7 wights (D:7)
  A crimson imp (D:6)
  3 human zombies (D:7)
  4 orc priests
  5 orc wizards
  A centaur skeleton (D:3)
  A hound (D:4)
  2 human skeletons (D:7)
  2 iguanas (D:8)
  4 worker ants
  An ogre zombie (D:7)
  A hound zombie (D:5)
  A mummy (D:7)
  4 gnolls
  3 adders
  A shadow imp (D:8)
  An ooze (D:2)
  4 worms
  7 dart slugs (D:6)
  6 leopard geckos
  30 orcs
  5 giant cockroaches
  4 goblins
  7 hobgoblins
  6 jackals
  8 kobolds
  4 quokkas
  7 ball pythons
  3 bats
  3 frilled lizards
  9 rats
179 creatures vanquished.

Vanquished Creatures (others)
  3 slaves (D:5)
  A hound zombie (D:5)
  An adder (D:5)
  A dart slug (D:6)
  2 orcs (D:5)
  A ball python (D:5)
  A frilled lizard (D:5)
10 creatures vanquished.

Grand Total: 189 creatures vanquished

Notes
Turn   | Place    | Note
-------+----------+-------------------------------------------
     0 | D:1      | Jushak the Mummy Fighter began the quest for the Orb.
     0 | D:1      | Reached XP level 1. HP: 18/18 MP: 1/1
   245 | D:1      | Reached XP level 2. HP: 24/24 MP: 2/2
   679 | D:2      | Found a burning altar of Makhleb.
   698 | D:2      | Reached skill level 2 in Long Blades
   850 | D:2      | Reached XP level 3. HP: 21/29 MP: 3/3
  1359 | D:2      | Found a blossoming altar of Fedhas.
  1391 | D:2      | Noticed an oklob plant
  1657 | D:3      | Found an iron altar of Okawaru.
  1657 | D:3      | Found a sparkling altar of Nemelex Xobeh.
  1951 | D:3      | Noticed Elizilla's ghost (amateur FoFi)
  2155 | D:3      | Reached XP level 4. HP: 33/35 MP: 4/4
  2248 | D:3      | Reached skill level 3 in Long Blades
  2372 | D:3      | Reached XP level 5. HP: 33/42 MP: 5/5
  2647 | D:4      | Noticed labyrinthlord's ghost (amateur HESk)
  3502 | D:3      | Reached XP level 6. HP: 37/48 MP: 6/6
  4179 | D:3      | Found a hide-covered altar of Uskayaw.
  4180 | D:3      | Noticed a dagger
  4180 | D:3      | Noticed a hand axe
  4551 | D:4      | Noticed Edmund
  4571 | D:4      | Killed Edmund
  4571 | D:4      | Reached skill level 4 in Long Blades
  4860 | D:4      | Found Qoax's Jewellery Shop.
  5131 | D:3      | Killed Elizilla's ghost
  5131 | D:3      | Reached XP level 7. HP: 48/55 MP: 7/7
  5422 | D:4      | Got a faintly glowing jade ring
  5424 | D:4      | Identified the ring of the Ancient Deaths {Fire +Inv rPois MR+ Int-2} (You found it on level 4 of the Dungeon)
  5426 | D:4      | Noticed Blork the orc
  5439 | D:4      | Killed Blork the orc
  5923 | D:4      | Reached skill level 5 in Long Blades
  6381 | D:5      | Entered Level 5 of the Dungeon
  6381 | D:5      | Noticed M4edhros's ghost (novice OpCK)
  6459 | D:5      | Found a glowing golden altar of the Shining One.
  6566 | D:5      | Noticed Pikel
  6587 | D:5      | Killed Pikel
  6587 | D:5      | Reached skill level 5 in Fighting
  6587 | D:5      | Reached XP level 8. HP: 32/62 MP: 8/8
  7102 | D:5      | Reached skill level 6 in Long Blades
  7293 | D:5      | Got an ancient short sword
  7294 | D:5      | Identified the +10 short sword of Iroum {pierce, Int+4 SInv} (You found it on level 5 of the Dungeon)
  7428 | D:5      | Killed M4edhros's ghost
  7462 | D:5      | Reached skill level 5 in Shields
  7746 | D:6      | Found a staircase to the Ecumenical Temple.
  8082 | D:5      | Reached XP level 9. HP: 17/69 MP: 9/9
  8631 | D:4      | Killed labyrinthlord's ghost
  8742 | D:5      | Reached skill level 5 in Armour
  8916 | Temple   | Entered the Ecumenical Temple
  8960 | Temple   | Became a worshipper of Sif Muna the Loreminder
  8964 | Temple   | Learned a level 2 spell: Sticks to Snakes
  9696 | D:6      | Reached skill level 1 in Spellcasting
  9734 | D:6      | Noticed a hill giant
 10212 | D:6      | Reached skill level 7 in Long Blades
 10388 | D:6      | HP: 1/69 [electric eel/bolt of electricity (8)]
 10849 | D:7      | Reached * piety under Sif Muna
 10879 | D:7      | Found a basalt altar of Yredelemnul.
 11041 | D:7      | Found Fumalagam's Antique Armour Shoppe.
 11047 | D:7      | Bought a polished ring mail for 216 gold pieces
 11058 | D:7      | Identified the +2 ring mail of Mezcal {rC+ MP+9 Str+2} (You bought it in a shop on level 7 of the Dungeon)
 11209 | D:7      | Found an opulent altar of Gozag.
 11442 | D:7      | Reached XP level 10. HP: 70/76 MP: 14/14
 11645 | D:8      | Found a flagged portal.
 11672 | Bailey   | Entered a bailey
 11875 | Bailey   | Noticed an orc knight
 11949 | Bailey   | Reached skill level 8 in Long Blades
 12104 | Bailey   | Got a slimy pewter ring
 12710 | D:8      | Noticed a death yak
 13026 | D:7      | Slain by a death yak

Skill      XL: |  1  2  3  4  5  6  7  8  9 10 |
---------------+-------------------------------+-----
Long Blades    | 2 3 4 5 6 7 8 |  8.1
Shields        | 3 4 5 6 |  6.2
Armour         | 3 4 5 6 |  6.0
Fighting       | 4 5 6 |  6.1
Spellcasting   | 3 |  3.5

Action                   |  1- 3 |  4- 6 |  7- 9 | 10-12 || total
-------------------------+-------+-------+-------+-------++-------
Melee: Long sword        |   154 |   237 |   126 |       ||   517
       Short sword       |       |       |   262 |    93 ||   355
  Use: Scroll            |       |     6 |    10 |     5 ||    21
 Stab: Distracted        |       |     1 |       |       ||     1
Armor: Scale mail        |    49 |    60 |    62 |       ||   171
       Ring mail         |       |       |     4 |    23 ||    27
Dodge: Dodged            |    46 |    86 |   100 |    51 ||   283
Block: Shield            |    66 |   119 |   164 |    82 ||   431
       Rpst.: Long sword |    14 |    31 |     9 |       ||    54
